 Dungeon Crawl Stone Soup version 0.25-a0-425-g0e000e855e (webtiles) character file.

Game seed: 3265204344202344939, levelgen mode: deterministic

2300 Kohma the Transmogrifier (level 9, -5/74 HPs)
             Began as a Green Draconian Transmuter on Jan 24, 2020.
             Slain by a gnoll (7 damage)
             ... on level 7 of the Dungeon.
             The game lasted 00:23:16 (8868 turns).

Kohma the Transmogrifier (DrTm)                     Turns: 8868, Time: 00:23:17

Health: -5/74      AC:  2    Str: 12    XL:     9   Next: 17%
Magic:  9/12       EV: 19    Int: 17    God:
Gold:   273        SH:  0    Dex: 17    Spells: 4/12 levels left

rFire    . . .     SeeInvis .     - Unarmed
rCold    . . .     Gourm    .   (shield currently unavailable)
rNeg     . . .     Faith    .   (armour unavailable)
rPois    x         Spirit   .   (helmet currently unavailable)
rElec    .         Reflect  .   (cloak currently unavailable)
rCorr    .         Harm     .   (gloves currently unavailable)
MR       .....                  (boots currently unavailable)
Stlth    ++........             (no amulet)
HPRegen  0.22/turn              (no ring)
MPRegen  0.13/turn              (no ring)

@: spider-form
A: tiny, (breathe noxious fumes), unfitting armour, AC +7
a: End Transformation


You were on level 7 of the Dungeon.
You were not hungry.
You were a venomous arachnid creature.
You visited 1 branch of the dungeon, and saw 7 of its levels.

You collected 273 gold pieces.

Inventory:

Hand Weapons
 l - a +3 hunting sling of freezing
Missiles
 a - 79 arrows
 n - 51 sling bullets
 w - 29 poisoned darts (quivered)
Armour
 j - a +2 pair of gloves (melded)
 p - a +0 cloak (melded)
 C - a scarf of spirit shield
Magical Staves
 v - an uncursed staff of wizardry
Wands
 h - a wand of flame (7)
 q - a wand of enslavement (11)
 u - a wand of scattershot (2)
 y - a wand of iceblast (12)
Scrolls
 b - 3 scrolls of teleportation
 d - 2 scrolls of identify
 g - a scroll of enchant weapon
 i - 2 scrolls of immolation
 k - 3 scrolls of remove curse
 D - a scroll of acquirement {unknown}
 E - a scroll of enchant armour {unknown}
Potions
 e - a potion of resistance
 o - 2 potions of haste
 r - a potion of brilliance
 s - a potion of berserk rage
 z - a potion of lignification {unknown}
Comestibles
 c - 12 rations
 f - a chunk of flesh


   Skills:
 + Level 5.0 Fighting
 - Level 1.7 Dodging
 * Level 7.1 Unarmed Combat
 - Level 2.0 Spellcasting
 + Level 9.4 Transmutations
 - Level 2.0 Poison Magic


You had 4 spell levels left.
You knew the following spells:

 Your Spells              Type           Power        Failure   Level  Hunger
b - Spider Form           Tmut/Pois      ###.......   16%         3    ###....
c - Blade Hands           Tmut           ####......   26%         5    ######.

Your spell library contained the following spells:

 Spells                   Type           Power        Failure   Level  Hunger
 Beastly Appendage        Tmut           ####..       3%          1    #......
 Sticks to Snakes         Tmut           ####....     4%          2    ###....
 Passwall                 Tmut/Erth      ###.....     13%         2    ###....
 Sandblast                Erth           #.....       38%         1    #......
 Ice Form                 Ice/Tmut       ###.....     50%         4    #####..
 Petrify                  Tmut/Erth      ###.....     50%         4    #####..
 Stone Arrow              Conj/Erth      #.....       71%         3    ###....
 Lee's Rapid Deconstruct  Erth           #.........   100%        5    ######.


Dungeon Overview and Level Annotations

Branches:
Dungeon (7/15)             Temple (0/1) D:7

Altars:
Cheibriados
Nemelex Xobeh
Sif Muna

Shops:
D:4 [   D:5 ?   D:6 (*


Innate Abilities, Weirdness & Mutations

((You can breathe blasts of noxious fumes.))
((Your lurid green scales are hard. (AC +7)))
You cannot fit into any form of body armour.
((Your system is resistant to poisons. (rPois)))
((You are cold-blooded and may be slowed by cold attacks.))


Message History

The hound misses you.
Casting: Spider Form (safe; 5% risk of failure)
Confirm with . or Enter, or press ? or * to list all spells.
You turn into a venomous arachnid creature.
Your +0 cloak melds into your body.
Your +2 pair of gloves melds into your body.
The hound closely misses you. The hound completely misses you.
The gnoll hits you!
* * * LOW HITPOINT WARNING * * *
You hit the hound.
The hound is poisoned.
The hound is lightly wounded.
The hound bites you.
* * * LOW HITPOINT WARNING * * *
The gnoll misses you.
You hit the gnoll.
The gnoll is poisoned.
The gnoll is moderately wounded.
The hound bites you.
* * * LOW HITPOINT WARNING * * *
The gnoll hits you!
You die...

* ***,,***,......,***,,*
******,,,,***##....##**#,.#
*,,,,,,,,,,**#.≈..≈.#*#...#
,,,,,,,,,,,,*#.≈..≈.#*....#
,*,,,,,,,,,,*#.≈..≈.#*.#..#
**,,,,,,,,,,*#.≈..≈.#*...#*
,,,,,,,,,,,,*#.≈.)≈.#*..#*
,,,,,,,**,,,*#.≈gh≈.##..#
,,,,,,,**.#..###s.###...#
,,,,,,,,,........((.....#
,,,,,,,.......8....8.(..#
,,,,,,,..[...........(.##
,,,,,,,..............(##
,,,,,,,.........##.##(##
,,,,,,,......#.........#
,,,,,,,#........(###[..#
,,,,,,,**#.....(#####..#


You could see a hound and a gnoll.

Vanquished Creatures
  Prince Ribbit (D:7)
  Sigmund (D:3)
  A shadow (D:6)
  A black bear (D:6)
  A sky beast (D:5)
  An ogre (D:4)
  A centaur (D:3)
  A bullfrog (D:7)
  A gnoll sergeant (D:7)
  3 howler monkeys
  2 crimson imps (D:6)
  A centaur skeleton (D:3)
  A bullfrog skeleton (D:5)
  An orc priest (D:4)
  2 gnoll shamans (D:7)
  13 hounds
  2 jellies
  Ijyb (D:4)
  Jessica (D:3)
  An iguana (D:7)
  2 orc wizards (D:4)
  2 worker ants
  Robin (D:3)
  A worker ant zombie (D:6)
  15 gnolls
  2 adders
  3 shadow imps
  2 oozes
  5 worms
  A dart slug (D:1)
  4 leopard geckos
  14 orcs
  8 bats
  9 giant cockroaches
  23 goblins
  13 hobgoblins
  7 jackals
  7 kobolds
  4 quokkas
  A ball python (D:1)
  5 frilled lizards
  A jackal skeleton (D:4)
  A leopard gecko skeleton (D:4)
  A leopard gecko zombie (D:6)
  A quokka zombie (D:6)
  11 rats
181 creatures vanquished.

Notes
Turn   | Place    | Note
-------+----------+-------------------------------------------
     0 | D:1      | Kohma the Draconian Transmuter began the quest for the Orb.
     0 | D:1      | Reached XP level 1. HP: 16/16 MP: 3/3
   383 | D:1      | Reached XP level 2. HP: 23/23 MP: 3/5
   407 | D:1      | Reached skill level 3 in Transmutations
   694 | D:1      | Reached XP level 3. HP: 13/28 MP: 4/6
  1150 | D:2      | Learned a level 3 spell: Spider Form
  1245 | D:2      | Reached skill level 4 in Transmutations
  1868 | D:2      | Reached XP level 4. HP: 26/35 MP: 3/7
  2542 | D:3      | Noticed Sigmund
  2557 | D:3      | Killed Sigmund
  2557 | D:3      | Reached skill level 6 in Transmutations
  2557 | D:3      | Reached XP level 5. HP: 23/40 MP: 2/8
  2701 | D:3      | Noticed Robin
  2756 | D:3      | Killed Robin
  2756 | D:3      | Reached XP level 6. HP: 10/47 MP: 1/9
  3012 | D:3      | Found a snail-covered altar of Cheibriados.
  3022 | D:3      | Noticed Jessica
  3033 | D:3      | Killed Jessica
  3194 | D:3      | Reached skill level 7 in Transmutations
  3910 | D:3      | Learned a level 5 spell: Blade Hands
  4224 | D:4      | Noticed Ijyb
  4237 | D:4      | Killed Ijyb
  4536 | D:4      | Reached skill level 8 in Transmutations
  4536 | D:4      | Your scales start taking on a lurid green colour.
  4536 | D:4      | Reached XP level 7. HP: 24/52 MP: 6/10
  4536 | D:4      | Gained mutation: Your system is resistant to poisons.
                  | (rPois) [Green Draconian growth]
  4786 | D:4      | Found a sparkling altar of Nemelex Xobeh.
  5164 | D:4      | Found a shimmering blue altar of Sif Muna.
  5332 | D:4      | Reached skill level 1 in Poison Magic
  5485 | D:4      | Found Fuapsoso's Antique Armour Shoppe.
  5886 | D:5      | Entered Level 5 of the Dungeon
  6161 | D:5      | Found Vehafirr's Magic Scroll Shop.
  6277 | D:5      | Found a sparkling altar of Nemelex Xobeh.
  6686 | D:6      | Noticed a shadow
  6875 | D:6      | Killed a shadow
  6875 | D:6      | Reached XP level 8. HP: 23/62 MP: 6/11
  6884 | D:6      | Found Wilur's Antique Weapon Shop.
  7123 | D:6      | Found Quac's Assorted Antiques.
  7446 | D:6      | Reached skill level 5 in Unarmed Combat
  7555 | D:7      | HP: 3/63 [hound (4)]
  7802 | D:6      | HP: 3/66 [hound (5)]
  7803 | D:6      | HP: 1/66 [poisoned by a gnoll sergeant]
  7803 | D:6      | Reached skill level 9 in Transmutations
  8362 | D:7      | Noticed Prince Ribbit
  8384 | D:7      | Killed Prince Ribbit
  8416 | D:7      | Reached XP level 9. HP: 35/72 MP: 9/12
  8865 | D:7      | Reached skill level 5 in Fighting
  8868 | D:7      | HP: 2/74 [hound (5)]
  8868 | D:7      | Slain by a gnoll

Levels and vault maps discovered:
D:1:      dpeg_arrival_simpleton_b, layout_loops_cross, hangedman_decor_lopped
D:2:      layout_basic
D:3:      layout_basic, overflow_temple_1_default, hangedman_decor_growths,
          hangedman_decor_clover_reticule, uniq_robin, uniq_jessica,
          uniq_sigmund
D:4:      layout_cave_pods, overflow_temple_1_default, first_ration,
          serial_shops, kennysheep_mini_moat, portal_sewer_entry_b,
          minivault_26, nemelex_dance_club_becter, uniq_ijyb
D:5:      layout_basic, serial_shops, shop, basic_altar, lemuel_another_geyser
D:6:      layout_rooms, serial_shops, shop, shop
D:7:      layout_cave_pools, minmay_temple_entry_wispy, serial_gnoll_camp,
          gnoll_camp_medium_01, gnoll_camp_huts_basic, gnoll_camp_mini_sergeant,
          gnoll_camp_medium_02, gnoll_camp_mini_doghouse,
          gnoll_camp_mini_doghouse, uniq_prince_ribbit1

Skill      XL: |  1  2  3  4  5  6  7  8  9 |
---------------+----------------------------+-----
Transmutations | 3 4 6 8 9 |  9.4
Poison Magic   | 2 |  2.0
Fighting       | 2 4 5 |  5.0
Unarmed Combat | 4 6 7 |  7.1
Dodging        | |  1.7
Spellcasting   | |  2.0

Action                   |  1- 3 |  4- 6 |  7- 9 || total
-------------------------+-------+-------+-------++-------
Melee: Unarmed           |   134 |   180 |   307 ||   621
       Kick              |    10 |     1 |       ||    11
       Tailslap          |     5 |     6 |     3 ||    14
       Headbutt          |     8 |       |       ||     8
       Punch             |       |       |     1 ||     1
 Cast: Beastly Appendage |    29 |     7 |       ||    36
       Spider Form       |     6 |    19 |    31 ||    56
       Blade Hands       |       |       |     1 ||     1
 Abil: Breathe Noxious F |       |       |     1 ||     1
  Use: Scroll            |       |    11 |     7 ||    18
       Potion            |       |       |     2 ||     2
 Stab: Sleeping          |     2 |       |     2 ||     4
       Distracted        |       |     1 |       ||     1
  Eat: Chunk             |     4 |    12 |    12 ||    28
       Ration            |       |       |     2 ||     2
Armor: Skin              |    45 |    24 |    52 ||   121
Dodge: Dodged            |    75 |   168 |   353 ||   596

Table legend:
 A = Non-vault XP
 B = Vault XP
 C = Vault XP percentage of total XP
 D = Non-vault monster count
 E = Vault monster count
 F = Vault count percentage of total count
                 A         B        C        D         E       F
            +---------+---------+-------+---------+---------+-------
      Total |    1945 |    1341 |  40.8 |     130 |      51 |  28.2
            +---------+---------+-------+---------+---------+-------
        D:1 |      58 |       0 |   0.0 |      33 |       0 |   0.0
        D:2 |      57 |       0 |   0.0 |      23 |       0 |   0.0
        D:3 |     182 |     307 |  62.8 |      15 |      15 |  50.0
        D:4 |     396 |      61 |  13.3 |      26 |       9 |  25.7
        D:5 |     271 |       0 |   0.0 |      11 |       0 |   0.0
        D:6 |     650 |     125 |  16.1 |      15 |       3 |  16.7
        D:7 |     331 |     848 |  71.9 |       7 |      24 |  77.4
            +---------+---------+-------+---------+---------+-------
